Map: Bastion of the Conclave

Players

Cortez

  • Race: Zerg Zerg
  • Spawn Location: 12:00

Stiemied

  • Race: Protoss Protoss
  • League: Platinum
  • Spawn Location: 0:00

Hepzibah

  • Race: Terran Terran
  • League: Diamond
  • Spawn Location: 12:00

DarthCeaphus - Winner!

  • Race: Protoss Protoss
  • Spawn Location: 6:00

JaySlays - Winner!

  • Race: Zerg Zerg
  • Spawn Location: 6:00

Wolf - Winner!

  • Race: Zerg Zerg
  • League: Diamond
  • Spawn Location: 6:00

VOD

Have the link to the VOD?

Description

Time

  • Played on: April 22, 2018, 12:10 a.m.
  • Length: 18:17
Show
View Real Time Build Order
Export as new Build Order

Cortez Zerg 

Build Orders: Pool First 

Get SALT Encoding   

  12  0:01  Drone  
  13  0:08  Drone  
  14  0:19  Overlord  
  14  0:37  Drone x3  
  17  0:48  Drone  
  18  0:53  Spawning Pool  
  18  0:55  Extractor  
  16  0:59  Drone  
  17  1:11  Drone  
  18  1:30  Overlord  
  18  1:31  Drone, Hatchery  
  18  1:41  Queen  
  18  1:46  Drone  
  21  1:50  Extractor  
  20  1:55  Drone  
  21  2:05  Drone  
  21  2:07  Metabolic Boost  
  22  2:17  Queen  
  24  2:27  Drone  
  25  2:36  Drone  
  26  2:37  Baneling Nest  
  26  2:42  Drone  
  25  2:50  Drone x2  
  27  2:54  Drone  
  28  2:59  Zergling x2  
  28  3:02  Zergling x2  
  30  3:05  Zergling x2  
  30  3:11  Overlord  
  31  3:16  Drone  
  32  3:21  Baneling x2  
  32  3:28  Lair  
  32  3:30  Drone  
  32  3:33  Drone  
  34  3:41  Drone  
  34  3:42  Drone x2  
  36  3:49  Drone x2  
  36  3:52  Zergling x4  
  40  3:56  Drone  
  40  3:59  Drone  
  40  4:01  Drone  
  43  4:06  Overlord  
  43  4:09  Drone  
  44  4:27  Extractor  
  43  4:35  Centrifical Hooks  
  43  4:41  Hydralisk Den  
  43  4:45  Zergling x6  
  45  4:50  Extractor  
  44  4:53  Drone x2  
  44  4:54  Drone  
  44  4:55  Overlord  
  47  5:00  Drone x2  
  49  5:18  Overlord x2  
  49  5:20  Spore Crawler  
  48  5:21  Spore Crawler  
  48  5:25  Spore Crawler  
  48  5:27  Spore Crawler  
  45  5:28  Overlord x2  
  45  5:32  Spore Crawler  
  45  5:34  Muscular Augments  
  44  5:37  Hydralisk x3  
  44  5:38  Hydralisk  
  52  5:47  Evolution Chamber  
  51  5:59  Evolution Chamber  
  50  6:07  Overseer  
  50  6:18  Drone x4  
  52  6:21  Hydralisk x5  
  52  6:24  Zerg Missile Weapons Level 1  
  64  6:40  Hydralisk x2  
  64  6:41  Hydralisk  
  64  6:46  Grooved Spines  
  70  6:56  Zerg Ground Armor Level 1  
  63  7:26  Hydralisk x5  
  68  7:31  Overlord x4  
  68  7:32  Overlord  
  68  7:57  Nydus Network  
  67  7:59  Hydralisk x5  
  67  8:01  Overseer  
  67  8:03  Overseer  
  77  8:06  Hydralisk  
  77  8:07  Hydralisk  
  74  8:29  Zergling x2  
  74  8:30  Zergling x10  
  80  8:35  Zergling x8  
  82  8:52  Zergling x2  
  82  8:53  Zergling x10  
  88  9:04  Hatchery  
  72  9:34  Hydralisk x6  
  72  9:35  Hydralisk x3  
  72  9:38  Queen  
  57  9:49  Zergling x10  
  62  9:58  Zergling x2  
  63  10:02  Zergling x2  
  64  10:10  Zergling x2  
  64  10:11  Zergling x4  
  64  10:13  Overseer  
  67  10:15  Nydus Canal  
  67  10:17  Zergling x4  
  69  10:23  Zergling x2  
  70  10:43  Drone x7  
  70  10:44  Drone x3  
  80  10:50  Nydus Canal  
  80  11:03  Zergling x10  
  80  11:04  Zergling x8  
  89  11:23  Spine Crawler  
  88  11:28  Spine Crawler  
  88  11:29  Spore Crawler  
  88  11:31  Hydralisk x2  
  90  11:34  Spine Crawler  
  89  11:41  Infestation Pit  
  89  11:43  Hydralisk  
  90  11:58  Overlord x4  
  90  12:02  Lurker Den, Zerg Missile Weapons Level 2  
  90  12:03  Zerg Ground Armor Level 2  
  89  12:21  Hydralisk x3  
  89  12:22  Hydralisk x2  
  94  12:34  Hydralisk x3  
  98  12:48  Hydralisk x3  
  82  13:03  Zergling x2  
  82  13:04  Zergling x2  
  74  13:14  Zergling x10  
  74  13:15  Zergling x10  
  78  13:25  Zergling x2  
  78  13:26  Zergling x2  
  69  13:27  Zergling x2  
  68  13:44  Zergling x8  
  71  14:15  Lurker x2  
  71  14:16  Hydralisk  
  71  14:17  Hydralisk x3  
  81  14:39  Overseer  
  81  14:40  Overseer  
  81  14:47  Extractor  
  81  14:50  Extractor  
  81  14:52  Queen  
  72  15:05  Zergling x2  
  72  15:06  Hydralisk x5  
  72  15:07  Hydralisk x2  
  73  15:11  Hydralisk  
  81  15:51  Hydralisk x2  
  81  15:52  Hydralisk x4  
  81  15:54  Zergling x6  
  81  15:55  Lurker x2  
  98  16:29  Hive  
  98  16:31  Zergling x2  
  98  16:32  Zergling x14  
  106  16:33  Zergling x4  
  108  17:02  Nydus Canal  
Show
View Real Time Build Order
Export as new Build Order

Stiemied Protoss 

Build Orders: Nexus First, Phoenix Opening 

Get SALT Encoding   

  12  0:01  Probe  
  13  0:09  Probe  
  14  0:18  Pylon  
  14  0:19  Probe  
  15  0:36  Probe  
  16  0:49  Probe  
  17  1:02  Nexus  
  17  1:12  Gateway  
  17  1:15  Probe  
  18  1:26  Assimilator  
  18  1:28  Probe  
  19  1:33  Pylon  
  19  1:40  Probe  
  19  1:47  Forge  
  20  1:48  Probe  
  21  1:56  Probe  
  22  2:04  Cybernetics Core  
  22  2:09  Pylon  
  22  2:12  Assimilator  
  22  2:15  Probe  
  23  2:26  Probe, Photon Cannon  
  24  2:32  Probe  
  24  2:34  Probe  
  25  2:41  Stalker  
  28  2:57  Stargate  
  28  2:58  Probe  
  28  2:59  Probe  
  28  3:03  Assimilator  
  30  3:07  Probe  
  30  3:08  Probe  
  32  3:15  Probe  
  33  3:20  Probe  
  34  3:30  Stargate  
  34  3:33  Pylon  
  34  3:36  Probe  
  34  3:39  Probe  
  36  3:44  Probe, Phoenix  
  39  3:51  Probe  
  40  4:11  Nexus  
  40  4:14  Pylon  
  40  4:16  Void Ray  
  44  4:20  Probe  
  44  4:21  Probe  
  46  4:24  Assimilator  
  46  4:26  Protoss Air Weapons Level 1  
  46  4:33  Probe  
  46  4:37  Probe  
  48  4:45  Probe  
  49  4:50  Stargate  
  49  4:56  Probe  
  49  4:57  Probe  
  51  5:05  Probe  
  51  5:06  Void Ray  
  55  5:09  Probe  
  55  5:13  Probe  
  57  5:16  Assimilator  
  57  5:19  Probe  
  58  5:21  Assimilator  
  58  5:22  Probe  
  58  5:24  Photon Cannon  
  58  5:26  Photon Cannon  
  58  5:27  Probe  
  60  5:30  Phoenix  
  62  5:37  Probe  
  63  5:48  Phoenix  
  65  5:57  Probe  
  65  5:59  Probe x2  
  65  6:00  Fleet Beacon  
  65  6:02  Pylon  
  65  6:03  Pylon  
  68  6:05  Probe  
  67  6:11  Probe x2  
  67  6:14  Probe  
  67  6:16  Phoenix x2  
  68  6:25  Phoenix  
  72  6:26  Probe  
  72  6:31  Probe x2  
  75  6:38  Probe  
  69  6:43  Probe  
  64  6:48  Anion Pulse-Crystals  
  64  6:55  Probe, Phoenix x2  
  64  6:56  Phoenix  
  71  7:02  Probe  
  71  7:03  Probe  
  71  7:07  Probe  
  74  7:16  Probe x2  
  74  7:19  Probe  
  63  7:24  Protoss Air Weapons Level 2  
  63  7:28  Probe, Phoenix x3  
  70  7:38  Probe  
  70  7:43  Probe  
  72  7:50  Probe  
  73  7:55  Probe  
  73  7:57  Stargate  
  75  8:11  Protoss Shields Level 1  
  75  8:42  Pylon  
  75  8:45  Pylon  
  75  8:46  Phoenix  
  75  8:47  Pylon, Void Ray  
  75  8:53  Pylon  
  75  8:58  Pylon  
  75  9:00  Pylon  
  52  9:23  Phoenix x2  
  50  9:26  Phoenix  
  50  9:40  Void Ray  
  50  9:41  Void Ray  
  50  9:45  Void Ray  
  58  10:18  Void Ray, Nexus  
  58  10:21  Void Ray  
  58  10:23  Probe, Void Ray  
  58  10:27  Void Ray  
  71  10:35  Probe  
  76  10:47  Probe  
  77  10:53  Probe  
  77  10:56  Void Ray  
  78  10:59  Probe  
  78  11:01  Void Ray  
  83  11:06  Void Ray  
  83  11:10  Void Ray  
  95  11:28  Probe x2  
  95  11:30  Probe  
  97  11:38  Probe  
  97  11:39  Void Ray  
  102  11:44  Void Ray  
  107  11:48  Probe  
  107  11:49  Void Ray  
  107  11:53  Void Ray  
  112  12:22  Void Ray  
  114  12:26  Void Ray  
  84  12:41  Void Ray x2  
  75  13:05  Void Ray  
  79  13:09  Void Ray  
  83  13:22  Nexus  
  83  13:25  Void Ray  
  62  13:53  Probe  
  63  14:08  Probe  
  64  14:20  Probe  
  65  14:37  Void Ray  
  69  14:39  Probe x2  
  71  14:51  Probe x2  
  73  15:12  Void Ray  
  73  15:14  Probe x2  
  75  15:23  Assimilator  
  75  15:26  Probe  
  76  15:33  Probe  
  77  15:38  Probe  
  78  15:50  Probe x2  
  80  16:19  Void Ray  
  80  16:20  Void Ray  
  80  16:23  Probe  
  89  16:27  Assimilator  
Show
View Real Time Build Order
Export as new Build Order

Hepzibah Terran 

Build Orders: Mech 

Get SALT Encoding   

  12  0:00  SCV  
  13  0:15  Supply Depot  
  13  0:17  SCV  
  14  0:29  SCV  
  14  0:32  Refinery  
  15  0:41  Barracks  
  15  0:46  SCV  
  16  0:58  SCV  
  17  1:10  SCV  
  18  1:28  Marine, Orbital Command  
  19  1:43  Command Center  
  19  1:51  Marine  
  20  1:57  Factory  
  20  2:02  SCV  
  21  2:09  Barracks Tech Lab  
  21  2:15  SCV  
  22  2:16  Refinery  
  22  2:27  SCV  
  23  2:43  Supply Depot  
  23  2:47  Starport  
  23  2:55  Marine, SCV  
  25  3:00  Factory  
  25  3:07  SCV  
  25  3:11  Orbital Command  
  26  3:17  Barracks Tech Lab  
  26  3:27  Refinery  
  26  3:30  SCV  
  27  3:36  Supply Depot, Siege Tank  
  30  3:42  SCV x2  
  32  3:48  Factory  
  32  3:53  Barracks Reactor  
  32  3:54  SCV x2  
  34  4:06  SCV  
  34  4:07  Supply Depot  
  34  4:08  Engineering Bay  
  35  4:11  Armory  
  35  4:14  SCV  
  36  4:18  SCV  
  37  4:26  SCV, Starport Reactor  
  37  4:30  SCV  
  39  4:42  Factory  
  39  4:43  Hellion x2  
  43  4:53  SCV  
  43  4:55  SCV, Refinery  
  45  5:01  Supply Depot  
  45  5:03  Infernal Pre-Igniter  
  45  5:05  Hellion x2, SCV  
  45  5:07  SCV, Terran Vehicle Weapons Level 1  
  46  5:35  Thor  
  46  5:38  SCV  
  46  5:42  SCV  
  54  5:50  SCV  
  55  5:58  SCV  
  55  6:00  Siege Tank  
  55  6:02  SCV  
  55  6:04  Factory Tech Lab  
  60  6:09  Hellion x2  
  64  6:13  SCV  
  64  6:14  SCV  
  66  6:20  Missile Turret x2  
  66  6:26  Missile Turret x2  
  66  6:31  Building Armor  
  66  6:49  Siege Tank  
  69  6:57  Supply Depot  
  69  6:59  Supply Depot  
  69  7:02  Supply Depot  
  69  7:03  Hellion x3, Siege Tank  
  78  7:16  Viking  
  78  7:18  Viking  
  78  7:24  Hellion  
  83  7:30  Siege Tank, Thor  
  83  7:31  Hellion  
  83  7:35  Hellion  
  93  7:59  Thor  
  93  8:02  Command Center  
  85  8:30  Siege Tank x2  
  85  8:31  Hellion x2  
  87  8:43  Hellion  
  79  9:34  SCV  
  78  9:40  Siege Tank  
  78  9:41  Hellion  
  78  9:44  Hellion  
  75  9:46  SCV  
  53  10:12  Orbital Command  
  53  10:13  Command Center  
  47  10:25  Medivac x2  
  51  10:38  Siege Tank x2  
  51  10:39  Hellion x2  
  61  10:43  Hellion  
  61  10:46  SCV  
  64  10:57  Command Center  
  64  10:58  SCV  
  64  11:00  Hellion  
  67  11:10  SCV  
  68  11:24  Missile Turret  
  68  11:26  Missile Turret  
  68  11:36  Orbital Command  
  68  11:45  Missile Turret  
  68  11:46  Siege Tank  
  71  11:47  Missile Turret  
  71  11:56  Viking x2  
  71  12:00  Hellion  
  77  12:07  Refinery  
  77  12:08  Missile Turret  
  77  12:09  Refinery  
  77  12:10  Missile Turret  
  59  12:33  Missile Turret x2  
  27  12:45  Siege Tank  
  27  12:46  Hellion, Siege Tank  
  27  12:47  Hellion x2  
  39  12:52  SCV  
  39  12:56  SCV  
  41  13:00  SCV  
  42  13:10  Siege Tank  
  45  13:15  Starport  
  41  13:20  Starport  
  39  13:33  Siege Tank x2  
  45  13:51  Siege Tank  
  45  13:52  Hellion x2  
  52  13:58  Starport Tech Lab x2  
  52  13:59  Factory  
  52  14:07  Terran Vehicle And Ship Armor Level 1  
  52  14:08  SCV, Armory  
  53  14:19  SCV x2  
  53  14:20  SCV  
  57  14:31  SCV x2  
  58  14:47  SCV  
  58  14:51  Refinery x2  
  59  14:53  SCV  
  59  14:58  Refinery  
  59  14:59  Refinery  
  60  15:05  SCV  
  61  15:26  Siege Tank x3  
  61  15:27  Hellion  
  61  15:28  Hellion  
  74  15:32  Factory Reactor  
  74  15:47  SCV  
  74  15:49  Hellion x2  
  79  15:58  Hellion x2  
  79  15:59  SCV x2  
  85  16:11  SCV x2  
  85  16:13  Raven  
  89  16:19  Medivac  
  89  16:23  SCV x2  
  93  16:41  SCV x2, Raven  
  93  16:42  Supply Depot  
  93  16:46  Supply Depot  
  95  17:02  Raven  
  52  17:42  Hellion  
  52  17:43  Hellion x4  
  52  17:44  Siege Tank  
Show
View Real Time Build Order
Export as new Build Order

DarthCeaphus Protoss - Winner!

Build Orders: 1 Gate Expand 

Get SALT Encoding   

  12  0:01  Probe  
  13  0:14  Pylon, Probe  
  14  0:22  Probe  
  15  0:33  Probe  
  16  0:40  Gateway  
  16  0:45  Probe  
  18  0:57  Probe  
  18  1:13  Nexus  
  18  1:19  Assimilator  
  18  1:29  Cybernetics Core  
  18  1:35  Probe  
  18  1:38  Assimilator  
  19  1:46  Warp Gate  
  19  1:47  Probe  
  19  1:50  Pylon  
  20  1:59  Probe  
  21  2:11  Probe  
  21  2:14  Gateway  
  22  2:22  Probe, Pylon  
  23  2:30  Probe  
  24  2:53  Forge  
  24  2:55  Probe  
  25  3:01  Pylon  
  25  3:07  Probe  
  25  3:09  Probe  
  28  3:20  Probe  
  28  3:21  Probe  
  28  3:22  Stalker x2  
  33  3:27  Protoss Shields Level 1  
  33  3:34  Probe  
  33  3:35  Photon Cannon  
  34  3:42  Probe  
  35  4:02  Gateway  
  35  4:03  Probe  
  35  4:05  Pylon  
  36  4:10  Twilight Council  
  36  4:13  Pylon  
  36  4:15  Probe  
  37  4:23  Probe  
  38  4:25  Assimilator  
  38  4:27  Probe, Blink  
  39  4:33  Assimilator  
  39  4:35  Probe, Stalker  
  39  4:36  Pylon, Stalker  
  44  4:39  Probe  
  45  4:54  Gateway  
  45  4:55  Pylon  
  45  4:58  Probe  
  46  5:10  Probe  
  47  5:17  Stalker x3  
  47  5:20  Probe  
  53  5:24  Photon Cannon  
  53  5:28  Probe  
  55  5:36  Probe  
  56  5:48  Probe, Protoss Ground Weapons Level 1  
  57  5:51  Stalker  
  57  5:52  Stalker x2  
  57  5:56  Photon Cannon  
  63  6:00  Probe  
  64  6:05  Gateway  
  64  6:06  Gateway  
  64  6:09  Gateway  
  64  6:16  Pylon  
  64  6:22  Stalker x2  
  64  6:25  Stalker  
  70  7:34  Probe  
  71  7:39  Protoss Shields Level 2  
  71  7:44  Stalker  
  71  7:45  Stalker x3  
  79  7:54  Nexus  
  79  7:56  Pylon  
  79  7:59  Pylon  
  64  8:37  Stalker x3  
  64  8:38  Stalker x3  
  64  8:39  Stalker  
  62  9:02  Stalker x2  
  62  9:03  Stalker x3  
  62  9:05  Stalker x2  
  44  9:36  Stalker x3  
  44  9:37  Stalker x4  
  48  10:05  Stalker  
  48  10:06  Stalker x3  
  48  10:07  Stalker x3, Nexus  
  62  10:22  Templar Archives  
  62  11:04  Protoss Ground Weapons Level 2  
  62  11:07  Pylon  
  62  11:11  Assimilator  
  62  11:19  Pylon  
  62  11:21  Pylon  
  62  11:22  High Templar x2  
  62  11:23  High Templar x2  
  62  11:24  High Templar x2  
  74  11:28  Archon x3  
  74  12:01  Assimilator  
  74  12:10  Pylon  
  72  13:28  Stalker x4  
  72  13:29  Stalker  
  72  13:30  Stalker x2  
  86  13:36  Nexus  
  54  13:59  Stalker x2  
  54  14:00  Stalker x3  
  54  14:01  Stalker x2  
  67  14:26  Stalker  
  67  14:27  Stalker x3  
  67  14:28  Stalker x2  
  67  14:29  Stalker  
  80  15:20  Robotics Facility  
  80  15:23  Pylon  
  80  15:29  Stalker x3  
  80  15:30  Stalker x4  
  94  16:07  Warp Prism  
  96  16:44  Observer  
Show
View Real Time Build Order
Export as new Build Order

JaySlays Zerg - Winner!

Build Orders: Hatch First 

Get SALT Encoding   

  12  0:01  Drone  
  13  0:13  Overlord  
  13  0:18  Drone  
  14  0:32  Drone x2  
  16  0:37  Drone  
  17  0:48  Drone  
  18  1:00  Hatchery  
  18  1:01  Drone  
  18  1:04  Extractor  
  17  1:17  Spawning Pool  
  16  1:19  Drone  
  16  1:24  Drone  
  18  1:32  Drone  
  19  1:41  Drone  
  20  1:59  Drone  
  21  2:02  Extractor  
  21  2:03  Drone  
  21  2:05  Lair  
  21  2:12  Overlord  
  21  2:14  Drone  
  22  2:24  Drone  
  23  2:30  Zergling x2  
  24  2:37  Queen  
  26  2:49  Drone x2  
  28  2:54  Drone x3  
  31  3:00  Overlord  
  31  3:02  Queen  
  33  3:09  Spire  
  33  3:10  Drone  
  33  3:15  Extractor  
  32  3:20  Extractor  
  32  3:25  Drone x2  
  32  3:26  Drone  
  34  3:30  Drone x2  
  36  3:42  Drone x2  
  38  3:50  Zergling x6  
  41  4:02  Overlord  
  41  4:03  Overlord  
  41  4:13  Drone x3  
  44  4:23  Mutalisk  
  46  4:24  Mutalisk x3  
  46  4:27  Mutalisk  
  54  4:36  Drone x3  
  57  4:51  Mutalisk  
  59  4:55  Overlord x2  
  59  5:06  Drone  
  60  5:20  Mutalisk  
  60  5:21  Mutalisk x6  
  62  5:28  Mutalisk  
  76  5:55  Zerg Flyer Weapons Level 1  
  76  6:05  Overlord x2  
  76  6:06  Overlord  
  74  6:26  Mutalisk  
  74  6:27  Mutalisk x4  
  84  6:35  Mutalisk  
  82  6:55  Mutalisk x2  
  86  7:05  Mutalisk  
  86  7:26  Mutalisk  
  86  7:27  Mutalisk x2  
  92  7:34  Overlord x5  
  92  7:50  Zerg Flyer Weapons Level 2  
  92  8:08  Hatchery  
  51  8:27  Mutalisk x5  
  51  8:31  Zergling x4  
  51  8:32  Zergling x14  
  70  8:42  Evolution Chamber  
  70  8:48  Spine Crawler x2  
  67  8:50  Spine Crawler  
  67  8:51  Spine Crawler  
  54  9:05  Zergling x16  
  62  9:12  Zergling x4, Infestation Pit  
  62  9:13  Zergling x4  
  44  9:33  Zergling x2  
  44  9:34  Zergling x4  
  44  9:38  Queen  
  42  9:49  Drone x3  
  45  9:54  Zerg Ground Armor Level 1  
  45  10:20  Zergling x18  
  45  10:21  Zergling x12  
  60  10:26  Hydralisk Den  
  59  10:31  Evolution Chamber  
  58  10:42  Mutalisk x3  
  58  10:43  Mutalisk x4  
  72  10:50  Drone  
  73  10:58  Grooved Spines  
  73  11:03  Queen  
  75  11:23  Zergling x6  
  75  11:24  Zergling x18  
  87  11:27  Hive  
  87  11:31  Zerg Missile Weapons Level 1  
  87  11:36  Drone  
  88  11:47  Zergling x6  
  89  11:54  Zerg Ground Armor Level 2, Baneling Nest  
  90  11:59  Drone  
  90  12:00  Drone  
  92  12:03  Overlord x2  
  92  12:04  Overlord  
  81  12:34  Hydralisk  
  81  12:35  Hydralisk x7  
  88  12:38  Muscular Augments  
  88  12:44  Drone x2  
  88  12:56  Drone  
  83  13:02  Metabolic Boost  
  83  13:09  Ultralisk Cavern  
  81  13:15  Evolution Chamber  
  63  13:23  Hydralisk  
  63  13:24  Hydralisk x2  
  59  13:45  Zerg Missile Weapons Level 2  
  59  13:47  Zerg Melee Weapons Level 1  
  59  13:48  Mutalisk  
  59  13:49  Mutalisk  
  63  14:01  Drone  
  63  14:02  Drone x5  
  69  14:24  Hydralisk  
  69  14:25  Hydralisk x3  
  69  14:30  Hydralisk  
  69  14:31  Hydralisk  
  81  14:46  Hydralisk  
  81  14:47  Hydralisk x2  
  81  15:08  Hydralisk  
  81  15:09  Hydralisk x4  
  90  15:19  Overseer x2  
  90  15:25  Hydralisk x3  
  96  15:44  Zerg Melee Weapons Level 2  
  96  15:47  Unknown  
  96  15:50  Centrifical Hooks  
  96  15:53  Zergling x2  
  96  15:54  Zergling x8  
  101  16:02  Pneumatized Carapace  
  101  16:10  Hydralisk  
  103  16:11  Hydralisk  
  105  16:43  Hydralisk  
  105  16:44  Hydralisk x3  
  113  17:06  Hatchery  
  112  17:25  Hydralisk  
  112  17:26  Hydralisk  
  116  17:57  Overlord  
  116  17:58  Overlord  
Show
View Real Time Build Order
Export as new Build Order

Wolf Zerg - Winner!

Build Orders: Hatch First 

Get SALT Encoding   

  12  0:01  Drone  
  13  0:13  Overlord  
  13  0:18  Drone  
  14  0:31  Drone x2  
  14  0:35  Drone  
  17  0:54  Hatchery  
  16  0:59  Drone x2  
  18  1:14  Extractor  
  18  1:15  Spawning Pool  
  18  1:18  Drone  
  17  1:20  Drone  
  18  1:29  Drone  
  19  1:39  Overlord  
  19  1:53  Drone  
  20  2:01  Drone  
  20  2:03  Queen  
  20  2:06  Queen  
  20  2:07  Zergling x2  
  26  2:11  Zergling x2  
  26  2:13  Metabolic Boost  
  27  2:17  Drone  
  28  2:25  Drone  
  29  2:37  Drone x2  
  31  2:48  Drone x2  
  33  2:54  Drone  
  34  3:00  Overlord  
  34  3:03  Drone, Hatchery  
  34  3:05  Drone  
  34  3:11  Baneling Nest  
  34  3:19  Drone x2  
  37  3:20  Drone x3  
  37  3:24  Zergling x2  
  37  3:25  Zergling x2  
  41  3:32  Drone x2  
  43  3:35  Extractor  
  43  3:39  Evolution Chamber  
  43  3:40  Drone, Evolution Chamber  
  43  3:41  Drone  
  42  3:53  Drone x2  
  42  3:55  Overlord x2  
  44  4:07  Zerg Missile Weapons Level 1  
  44  4:08  Zerg Melee Weapons Level 1  
  44  4:15  Drone x5  
  44  4:16  Queen  
  51  4:19  Lair  
  51  4:29  Overlord  
  51  4:30  Drone x2  
  53  4:35  Drone x4  
  57  4:39  Extractor x2  
  57  4:42  Drone x3  
  57  4:43  Drone  
  59  5:01  Drone x5  
  59  5:06  Drone x2  
  59  5:07  Drone x2  
  68  5:13  Zergling x2  
  68  5:14  Zergling x6  
  72  5:23  Centrifical Hooks  
  72  5:25  Hydralisk Den  
  72  5:26  Drone x2  
  72  5:27  Drone  
  74  5:30  Extractor, Overlord x2  
  74  5:31  Extractor, Overlord x3  
  72  5:43  Overlord  
  72  5:44  Overlord x2  
  72  5:55  Hydralisk  
  72  5:56  Hydralisk x7  
  88  6:01  Muscular Augments  
  88  6:07  Zerg Missile Weapons Level 2  
  88  6:13  Overseer  
  88  6:20  Zerg Melee Weapons Level 2  
  88  6:21  Hydralisk  
  88  6:22  Zergling x2  
  88  6:23  Zergling x12  
  88  6:24  Zergling x6  
  100  6:32  Drone x4  
  104  6:33  Drone  
  105  6:45  Baneling x3  
  105  6:46  Baneling x6  
  105  6:49  Zergling x10  
  105  6:50  Zergling x6  
  105  6:51  Hydralisk  
  115  6:59  Overlord x2  
  115  7:12  Grooved Spines  
  101  7:24  Hydralisk  
  101  7:25  Hydralisk x11  
  101  7:27  Zergling x2  
  126  7:31  Baneling x4  
  126  7:33  Overlord  
  126  7:48  Drone x2, Infestation Pit  
  126  7:49  Drone x3  
  130  7:56  Hydralisk x4  
  130  7:57  Zergling x4  
  140  8:00  Pneumatized Carapace  
  140  8:07  Zergling x4  
  140  8:11  Baneling x2  
  140  8:12  Baneling x6  
  142  8:18  Burrow  
  142  8:26  Zergling x20  
  152  8:46  Drone  
  153  8:49  Overlord x12  
  146  9:21  Hydralisk  
  146  9:22  Hydralisk x7  
  162  9:29  Hive  
  129  9:56  Hydralisk x5, Zergling x6  
  129  9:57  Zergling x2  
  140  10:44  Zergling x2  
  140  10:45  Zergling x28  
  155  10:54  Zerg Missile Weapons Level 3  
  155  10:56  Adrenal Glands  
  155  10:59  Zerg Melee Weapons Level 3  
  155  11:16  Zergling x2  
  155  11:17  Zergling x14  
  163  11:21  Baneling x7  
  163  11:22  Baneling x10  
  163  11:23  Baneling  
  163  11:34  Zergling x14  
  163  11:35  Zergling x4  
  163  11:38  Baneling x3  
  163  11:39  Baneling x6  
  172  11:40  Baneling  
  172  11:54  Viper x5  
  172  11:55  Viper  
  108  12:46  Hydralisk x15  
  108  12:47  Hydralisk x5  
  132  13:16  Hydralisk  
  132  13:17  Hydralisk x8  
  150  13:30  Zergling x18  
  159  13:36  Zerg Ground Armor Level 1  
  159  13:48  Spire  
  158  14:02  Hatchery  
  157  14:04  Extractor, Zergling x2  
  157  14:05  Zergling x20  
  157  14:06  Extractor  
  166  14:21  Hydralisk x6  
  159  15:20  Overseer x2  
  159  15:21  Overseer  
  159  15:24  Zergling x6  
  159  15:25  Zergling x36  
  180  15:42  Greater Spire  
  180  16:38  Hatchery  
  179  16:50  Hatchery  
  179  16:51  Extractor  
  179  16:53  Extractor  
  176  17:05  Unknown  
  143  17:30  Unknown  
  143  17:31  Unknown  
  143  17:33  Unknown  
  143  17:35  Unknown  
  143  17:36  Unknown  
  111  17:46  Hydralisk x3  
  111  17:47  Hydralisk x29  
Tags
 
Add a new tag
Caveats
  • Supply blocks, unpowered buildings, or Contaminate may cause inaccurate times.
  • Supply counts are checked every 10 seconds.